 Dungeon Crawl Stone Soup version 0.31.0-32-g396128a36d (webtiles) character file.

Game seed: 3170317255704951869

71 spaghetti the Sneak (level 4, -3/27 HPs)
             Began as a Deep Elf Chaos Knight on Mar 9, 2024.
             Was a Plaything of Xom.
             Slain by Ijyb the tengu (4 damage)
             ... on level 3 of the Dungeon.
             The game lasted 00:02:02 (1875 turns).

spaghetti the Sneak (Deep Elf Chaos Knight)         Turns: 1875, Time: 00:02:02

Health: -3/27      AC:  6    Str:  8 (9)  XL:     4   Next: 5%
Magic:  15/15      EV: 12    Int: 17 (19) God:    Xom [*.....]
Gold:   99         SH:  0    Dex: 18 (20) Spells: 3/3 levels left

rFire   . . .        a - +1 short sword (chaos)
rCold   . . .        (no shield)
rNeg    . . .        b - +2 leather armour
rPois   .            (no helmet)
rElec   .            f - +0 cloak
rCorr   .            (no gloves)
SInv    .            (no boots)
Will    .....        (no amulet)
Stlth   +++          h - ring of magical power
HPRegen 0.24/turn    d - +6 ring of dexterity
MPRegen 0.14/turn

%: no passive effects
@: no status effects
A: no striking features
a: Renounce Religion


You were on level 3 of the Dungeon.
You worshipped Xom.
You were a special plaything of Xom.
You visited 1 branch of the dungeon, and saw 3 of its levels.

You collected 99 gold pieces.

Inventory:

Hand Weapons
 a - a +1 short sword of chaos (weapon)
Armour
 b - a +2 leather armour (worn)
 f - a +0 cloak (worn)
Jewellery
 d - a +6 ring of dexterity (right hand)
 g - a ring of resist corrosion
 h - a ring of magical power (left hand)
Scrolls
 c - a scroll of butterflies
 e - a scroll of fog
 i - a scroll of silence


   Skills:
 - Level 2.4 Fighting
 - Level 3.0 Short Blades
 - Level 0.7 Armour
 - Level 2.4 Dodging
 + Level 5.0 Stealth


You had 3 spell levels left.
You didn't know any spells.
Your spell library contained the following spells:

 Spells                   Type           Power      Damage    Failure   Level
 Slow                     Hex            0%         N/A       32%         1
 Confusing Touch          Hex            0%         N/A       69%         3
 Sigil of Binding         Hex            0%         N/A       69%         3
 Vampiric Draining        Necr           0%         2d6       69%         3


Dungeon Overview and Level Annotations

Branches:
Dungeon (3/15)

Altars:

Annotations:
D:3 Ijyb


Message History

Ijyb closely misses you.
You hit Ijyb.
Ijyb is moderately wounded.
Ijyb bites you. Ijyb bites you but does no damage.
You aren't carrying any potions.
You barely miss Ijyb.
Ijyb is moderately wounded.
Ijyb barely misses you.
You closely miss Ijyb.
Ijyb is moderately wounded.
Ijyb bites you.
You hit Ijyb. You freeze Ijyb.
Ijyb is moderately wounded.
Ijyb closely misses you.
You hit Ijyb.
Ijyb the water moccasin evaporates and reforms as a tengu!
Ijyb is heavily wounded.
Ijyb hits you! Ijyb completely misses you. Ijyb claws you.
* * * LOW HITPOINT WARNING * * *
You closely miss Ijyb.
Ijyb is heavily wounded.
You hit Ijyb. You burn Ijyb.
Ijyb is heavily wounded.
Ijyb closely misses you. x2; Ijyb claws you.
* * * LOW HITPOINT WARNING * * *
You completely miss Ijyb.
Ijyb is heavily wounded.
Ijyb hits you but does no damage. Ijyb closely misses you.
Ijyb claws you but does no damage.
You hit Ijyb.
Ijyb is severely wounded.
Ijyb hits you but does no damage. Ijyb pecks you but does no damage.
Ijyb barely misses you.
You closely miss Ijyb. Your punch misses Ijyb.
Ijyb is severely wounded.
Ijyb hits you.
* * * LOW HITPOINT WARNING * * *
Ijyb pecks you.
You die...

#.# #..........#
#.# #......#####
#.# #......#
#.#######
#......#
#....)..#
#.......
#.......# ##
#.......# #>
#.......# #.###
#.####### #.@.#
#.#
########Q######.#
#.#
..........)......
#.#
.......†K......#.
#.#
...............#
#.#
...............#
#.#
...............#
#.#
...............#
#.#
.....###.#######


You could see Ijyb the tengu and a kobold.

Vanquished Creatures
  3 adders (D:2)
  3 dart slugs
  3 endoplasms (D:1)
  2 giant cockroaches
  3 goblins (D:1)
  3 hobgoblins (D:1)
  8 jackals (D:1)
  A ball python (D:2)
  3 bats
  3 frilled lizards
  3 kobolds (D:1)
  2 rats (D:1)
37 creatures vanquished.

Notes
Turn   | Place    | Note
-------+----------+-------------------------------------------
     0 | D:1      | spaghetti the Deep Elf Chaos Knight began the quest for the
                  | Orb.
     0 | D:1      | Reached XP level 1. HP: 13/13 MP: 3/3
    50 | D:1      | Reached skill level 1 in Stealth
    52 | D:1      | XOM: smoke on damage
    91 | D:1      | Reached skill level 2 in Stealth
   135 | D:1      | Reached XP level 2. HP: 18/18 MP: 4/4
   180 | D:1      | XOM: potion effect (brilliance)
   194 | D:1      | Reached skill level 3 in Stealth
   306 | D:1      | XOM: smoke on damage
   353 | D:1      | XOM: silly message
   434 | D:1      | Reached XP level 3. HP: 22/22 MP: 5/5
   456 | D:1      | XOM: silly message
   511 | D:1      | Reached skill level 4 in Stealth
   567 | D:1      | XOM: silly message
  1027 | D:2      | Found a faded altar of an unknown god.
  1027 | D:2      | XOM: 1-stop teleportation journey
  1066 | D:2      | XOM: enchant monster (bad)
  1220 | D:2      | XOM: potion effect (berserk rage)
  1360 | D:2      | Reached XP level 4. HP: 24/27 MP: 6/6
  1853 | D:3      | Noticed Ijyb
  1856 | D:3      | Reached skill level 5 in Stealth
  1858 | D:3      | Ijyb changed into Ijyb the water moccasin
  1858 | D:3      | Noticed Ijyb
  1858 | D:3      | XOM: polymorph Ijyb -> Ijyb the water moccasin
  1870 | D:3      | Ijyb the water moccasin changed into Ijyb the tengu
  1870 | D:3      | Noticed Ijyb
  1875 | D:3      | HP: 1/27 [Ijyb the tengu (5)]
  1875 | D:3      | Slain by Ijyb the tengu

Illustrated notes

Levels and vault maps discovered:
D:1:      dpeg_arrival_simpleton_b, layout_basic, reono_crystal_passage
D:2:      layout_loops_corners, basic_ecumenical_altar
D:3:      layout_basic, mainiacjoe_overflow_surrounded_room,
          kennysheep_generic_room_6, uniq_ijyb

Skill      XL: |  1  2  3  4 |
---------------+-------------+-----
Stealth        | 2 3 4 5 |  5.0
Fighting       | |  2.4
Short Blades   | |  3.0
Armour         | |  0.7
Dodging        | |  2.4

Action                     |  1- 3 |  4- 6 || total
---------------------------+-------+-------++-------
  Melee: Short sword       |   143 |    25 ||   168
         Punch             |     2 |       ||     2
    Use: Potion            |     4 |       ||     4
         Scroll            |     3 |     3 ||     6
   Stab: Sleeping          |     3 |       ||     3
 Armour: Leather armour    |    86 |    22 ||   108
  Dodge: Dodged            |    92 |    19 ||   111
